 Dungeon Crawl Stone Soup version 0.28.0-53-g5a82cb258f (webtiles) character file.

Game seed: 2446102128525253883

7925 safid the Geomancer (level 11, -1/69 HPs)
             Began as a Gargoyle Earth Elementalist on Aug 26, 2022.
             Was a Priest of Vehumet.
             Shot with an arrow by a centaur warrior (9 damage)
             ... on level 10 of the Dungeon.
             The game lasted 00:22:13 (14258 turns).

safid the Geomancer (Gargoyle Earth Elementalist)  Turns: 14258, Time: 00:22:13

Health: -1/69      AC: 14    Str: 12    XL:     11   Next: 22%
Magic:  9/23       EV: 12    Int: 24    God:    Vehumet [***...]
Gold:   254        SH:  0    Dex: 10    Spells: 22/26 levels left

rFire   . . .      SeeInvis +   A - +8 rapier "Yzxig" {freeze, Int+4}
rCold   . . .      Faith    .   (no shield)
rNeg    + . .      Spirit   .   b - +0 robe
rPois   ∞          Reflect  .   (no helmet)
rElec   +          Harm     .   p - +2 cloak
rCorr   .          Rampage  .   (no gloves)
Will    .....                   o - +0 pair of boots
Stlth   +.........              (no amulet)
HPRegen 0.21/turn               t - ring of see invisible
MPRegen 0.18/turn               (no ring)

@: very slow
A: sickness immunity, AC +8, negative energy resistance 1, electricity
resistance, torment resistance 1, petrification resistance
a: Renounce Religion


You were on level 10 of the Dungeon.
You worshipped Vehumet.
Vehumet was most pleased with you.
You visited 2 branches of the dungeon, and saw 11 of its levels.
You also visited: Bailey.

You collected 638 gold pieces.
You spent 384 gold pieces at shops.

Inventory:

Hand Weapons
 A - the +8 rapier "Yzxig" (weapon) {freeze, Int+4}
   (You found it on level 10 of the Dungeon)

   It freezes those it strikes, dealing additional cold damage.
   It can also slow down cold-blooded creatures.
   Int:       It affects your intelligence (+4).
Missiles
 c - 208 stones
 i - 44 poisoned darts
 k - 6 datura-tipped darts
 z - 6 javelins
Armour
 b - a +0 robe (worn)
 o - a +0 pair of boots (worn)
 p - a +2 cloak (worn)
Jewellery
 l - a ring of fire
 t - a ring of see invisible (left hand)
Wands
 a - a wand of charming (4)
 j - a wand of polymorph (20)
Scrolls
 h - a scroll of enchant weapon
 n - 3 scrolls of holy word
 s - a scroll of torment {unknown}
 v - 2 scrolls of teleportation
 w - a scroll of blinking {unknown}
 x - a scroll of amnesia
 y - a scroll of fog
 B - 2 scrolls of identify
Potions
 d - 2 potions of cancellation
 e - a potion of attraction {unknown}
 f - 3 potions of mutation
 g - a potion of resistance {unknown}
 m - 2 potions of lignification
 q - a potion of curing
 r - a potion of might {unknown}
 u - a potion of magic


   Skills:
 + Level 8.7 Fighting
 - Level 2.0 Dodging
 - Level 2.1 Stealth
 + Level 8.0 Spellcasting
 + Level 8.7 Conjurations
 - Level 1.0 Transmutations
 + Level 11.9 Earth Magic


You had 22 spell levels left.
You knew the following spells:

 Your Spells              Type           Power      Damage    Failure   Level
a - Sandblast             Erth           100%       2d20      1%          1
b - Stone Arrow           Conj/Erth      100%       3d13      1%          3

Your spell library contained the following spells:

 Spells                   Type           Power      Damage    Failure   Level
 Searing Ray              Conj           100%       2d8       1%          2
 Magic Dart               Conj           100%       1d8       1%          1
 Passwall                 Tmut/Erth      33%        N/A       1%          2
 Mephitic Cloud           Conj/Pois/Air  23%        N/A       1%          3
 Petrify                  Tmut/Erth      40%        N/A       4%          4
 Summon Small Mammal      Summ           36%        N/A       6%          1
 Call Imp                 Summ           9%         N/A       10%         2
 Call Canine Familiar     Summ           9%         N/A       19%         3
 Summon Guardian Golem    Hex/Summ       9%         N/A       19%         3


Dungeon Overview and Level Annotations

Branches:
Dungeon (10/15)            Temple (1/1) D:5             Orc (0/2) D:10
 Bailey (visited)
   Lair: D:8-11

Altars:
Cheibriados
Elyvilon
Fedhas
Gozag
Hepliaklqana
Kikubaaqudgha
Nemelex Xobeh
Okawaru
Ru
Sif Muna
Trog
Vehumet
Wu Jian
Xom
Yredelemnul

Shops:
D:7 !   D:8 (


Innate Abilities, Weirdness & Mutations

You are immune to sickness and miasma.
Your stone body is resilient. (AC +8)
You are immune to poison.
You resist negative energy. (rN+)
You are resistant to electric shocks. (rElec)
You are resistant to unholy torment.
You are immune to petrification.


Message History

Aim: a centaur warrior, wielding a +0 longbow and quivering arrows (84% to hit)
The stone arrow hits the centaur warrior!
The centaur warrior is moderately wounded.
The centaur warrior shoots an arrow.
The arrow barely misses you.
Casting: Stone Arrow (safe; 1% risk of failure)
Confirm with . or Enter, or press ? or * to list all spells.
Aiming: Stone Arrow (safe; 1% risk of failure)
Press: ? - help, Shift-Dir - straight line, f/p - centaur warrior
Aim: a centaur warrior, wielding a +0 longbow and quivering arrows (moderately wounded, 84% to hit)
The stone arrow hits the centaur warrior!
The centaur warrior is heavily wounded.
The centaur warrior shoots an arrow.
The arrow hits you!
The centaur warrior shoots an arrow.
The arrow hits you!
* * * LOW HITPOINT WARNING * * *
Casting: Stone Arrow (safe; 1% risk of failure)
Confirm with . or Enter, or press ? or * to list all spells.
Aiming: Stone Arrow (safe; 1% risk of failure)
Press: ? - help, Shift-Dir - straight line, f/p - centaur warrior
Aim: a centaur warrior, wielding a +0 longbow and quivering arrows (heavily wounded, 84% to hit)
The stone arrow hits the centaur warrior!
The centaur warrior is severely wounded.
Unknown command.
Casting: Stone Arrow (safe; 1% risk of failure)
Confirm with . or Enter, or press ? or * to list all spells.
Aiming: Stone Arrow (safe; 1% risk of failure)
Press: ? - help, Shift-Dir - straight line, f/p - centaur warrior
Aim: a centaur warrior, wielding a +0 longbow and quivering arrows (severely wounded, 84% to hit)
The stone arrow hits the centaur warrior!
The centaur warrior is severely wounded.
The centaur warrior shoots an arrow.
The arrow hits you!
* * * LOW HITPOINT WARNING * * *
Casting: Stone Arrow (safe; 1% risk of failure)
Confirm with . or Enter, or press ? or * to list all spells.
Aiming: Stone Arrow (safe; 1% risk of failure)
Press: ? - help, Shift-Dir - straight line, f/p - centaur warrior
Aim: a centaur warrior, wielding a +0 longbow and quivering arrows (severely wounded, 84% to hit)
The stone arrow hits the centaur warrior!
The centaur warrior is almost dead.
The centaur warrior shoots an arrow.
The arrow hits you!
You die...

........# #..................
........# #..................
........#######..###.............
................##.########......
................#.. .≈..≈##'#...
######......#####.# ...?≈≈#.##..
.....#......#...#c# ..P?≈S#.##..
.....#.....('..##≈# .PP$≈≈#≈##[.
.....#..#...#..#@≈# ..≈)≈##≈##..
.....#..#...#.##≈##########≈###..
######......#.#..# .P[.≈##≈## #..
########.#.#+ .≈≈/SS#≈#..#..
#.#≈# .....S#.#..#.. #.#≈#
.PP$≈≈#.#..#.. #.#≈##
.P≈≈≈##.#..#..
#.##≈########.##..#..
#..##....≈≈≈≈##...#..


You could see a centaur warrior.

Vanquished Creatures
  A boulder beetle (D:10)
  A two-headed ogre (D:8)
  A troll (D:10)
  2 hornets (D:9)
  Prince Ribbit (Bailey)
  A shadow (D:9)
  A vampire (D:9)
  7 humans
  3 vampire mosquitoes (D:10)
  A steam dragon (D:10)
  Menkaure (D:4)
  5 orc warriors
  3 ogres
  2 sky beasts
  2 centaurs
  8 bullfrogs
  4 kobold brigands
  A water moccasin zombie (D:7)
  5 scorpions
  A water moccasin skeleton (D:5)
  8 killer bees
  9 wights
  A howler monkey (D:6)
  A centaur zombie (D:9)
  A bullfrog zombie (D:5)
  3 orc priests
  A jelly (D:5)
  4 hounds
  4 iguanas
  13 orc wizards
  A killer bee zombie (D:6)
  2 hound skeletons (D:4)
  2 howler monkey zombies
  4 gnolls
  4 adders
  2 shadow imps
  3 white imps
  2 dart slugs (D:1)
  A worm (D:2)
  42 orcs
  5 ball pythons
  10 bats
  7 endoplasms
  A giant cockroach (D:3)
  11 goblins
  5 hobgoblins
  4 quokkas
  3 frilled lizards
  25 kobolds
  6 rats
236 creatures vanquished.

Notes
Turn   | Place    | Note
-------+----------+-------------------------------------------
     0 | D:1      | safid the Gargoyle Earth Elementalist began the quest for
                  | the Orb.
     0 | D:1      | Reached XP level 1. HP: 10/10 MP: 3/3
   268 | D:1      | Reached skill level 1 in Transmutations
   268 | D:1      | Reached XP level 2. HP: 13/16 MP: 5/5
   918 | D:1      | Reached skill level 1 in Fighting
  1065 | D:1      | Found a faded altar of an unknown god.
  1308 | D:1      | Reached skill level 4 in Earth Magic
  1505 | D:2      | Reached XP level 3. HP: 20/20 MP: 3/6
  2815 | D:3      | Reached XP level 4. HP: 23/26 MP: 7/7
  2931 | D:3      | HP: 1/26 [bat (1)]
  2943 | D:3      | HP: 1/26 [bat (1)]
  3414 | D:3      | Identified the +2 scale mail of Moral Flaws {Int+3}
  4474 | D:4      | Learned a level 3 spell: Stone Arrow
  4489 | D:4      | Reached XP level 5. HP: 31/31 MP: 6/9
  4511 | D:4      | Reached skill level 1 in Conjurations
  4518 | D:4      | Reached skill level 5 in Earth Magic
  4799 | D:4      | Found a shimmering altar of Xom.
  4839 | D:4      | Noticed Menkaure
  4844 | D:4      | Killed Menkaure
  4845 | D:4      | Reached XP level 6. HP: 37/37 MP: 7/11
  5001 | D:4      | Identified the +1 leather armour of Evolution {*Slow rF+
                  | Str+3 Int+6}
  5157 | D:4      | Reached XP level 7. HP: 31/41 MP: 3/12
  5791 | D:4      | Found a basalt altar of Yredelemnul.
  5808 | D:5      | Entered Level 5 of the Dungeon
  5841 | D:5      | Found a staircase to the Ecumenical Temple.
  5847 | D:5      | Reached skill level 6 in Earth Magic
  5849 | Temple   | Entered the Ecumenical Temple
  5855 | Temple   | Became a worshipper of Vehumet
  6041 | D:4      | HP: 2/44 [scorpion (7)]
  6341 | D:5      | Reached XP level 8. HP: 48/48 MP: 8/14
  6396 | D:5      | Found a white marble altar of Elyvilon.
  6511 | D:5      | Found a sparkling altar of Nemelex Xobeh.
  7309 | D:6      | Reached skill level 5 in Fighting
  7310 | D:6      | Reached skill level 7 in Earth Magic
  7522 | D:6      | Reached * piety under Vehumet
  7522 | D:6      | Offered knowledge of Foxfire by Vehumet.
  7523 | D:6      | Reached skill level 5 in Spellcasting
  8004 | D:6      | Reached skill level 5 in Conjurations
  8570 | D:6      | Reached XP level 9. HP: 49/55 MP: 9/17
  8932 | D:7      | Found Peetaas's Distillery.
  8947 | D:7      | Bought a potion of magic for 128 gold pieces
  8947 | D:7      | Bought a potion of cancellation for 128 gold pieces
  8947 | D:7      | Bought a potion of lignification for 48 gold pieces
  8947 | D:7      | Bought a potion of heal wounds for 80 gold pieces
  8992 | D:7      | Found a flagged portal.
  9006 | Bailey   | Entered a bailey
  9068 | Bailey   | Reached skill level 8 in Earth Magic
  9332 | Bailey   | Reached skill level 9 in Earth Magic
  9560 | Bailey   | Noticed Prince Ribbit
  9568 | Bailey   | Reached skill level 10 in Earth Magic
  9572 | Bailey   | Killed Prince Ribbit
  9590 | Bailey   | Noticed a vault guard
  9962 | D:7      | Offered knowledge of Shock by Vehumet.
  9963 | D:7      | Reached XP level 10. HP: 53/61 MP: 7/19
 10221 | D:7      | Reached ** piety under Vehumet
 11425 | D:8      | Found a snail-covered altar of Cheibriados.
 11504 | D:8      | Found a hazy altar of Hepliaklqana.
 11547 | D:8      | Found a shimmering blue altar of Sif Muna.
 11555 | D:8      | Noticed a two-headed ogre
 11560 | D:8      | Killed a two-headed ogre
 11561 | D:8      | Reached skill level 11 in Earth Magic
 11658 | D:8      | Found Zatrak's Weapon Shoppe.
 12287 | D:9      | Offered knowledge of Searing Ray by Vehumet.
 13065 | D:9      | Reached *** piety under Vehumet
 13381 | D:10     | Entered Level 10 of the Dungeon
 13397 | D:10     | Noticed a boulder beetle
 13486 | D:10     | Killed a boulder beetle
 13487 | D:10     | Reached XP level 11. HP: 33/69 MP: 0/22
 13682 | D:10     | Identified the +8 rapier "Yzxig" {freeze, Int+4}
 13827 | D:10     | Found a staircase to the Orcish Mines.
 14251 | D:10     | Noticed a centaur warrior
 14258 | D:10     | Shot with an arrow by a centaur warrior

Illustrated notes

Levels and vault maps discovered:
D:1:      saegor_arrival_simple_a, layout_basic,
          shapermc_ecumenical_altar_acropolis
D:2:      layout_loops_ring, solitary_fountain
D:3:      layout_basic, minmay_surrounded
D:4:      layout_basic, mainiacjoe_overflow_cross_hatched,
          general_overflow_altar, uniq_menkaure
D:5:      layout_basic, nemelex_spade_bored_becter, overflow_temple_1_default,
          temple_statues, enter_ossuary_1, kennysheep_generic_room_16
D:6:      layout_basic, nicolae_figureground_sparkle
D:7:      layout_cave_pods, enter_bailey_3, serial_shops, shop
D:8:      layout_cave_pools, nicolae_sif_muna_condensation,
          mainiacjoe_overflow_large_starburst, serial_shops,
          nicolae_shop_temple_entry_statues_fountains
D:9:      layout_stronghold, minmay_misc_feat_columns
D:10:     cheibrodos_two_vegetables, layout_stronghold, grunt_dithmenos_shadows,
          orc_david_3
Temple:   eino_narrow_crystal_temple

Skill      XL: |  1  2  3  4  5  6  7  8  9 10 11 |
---------------+----------------------------------+-----
Transmutations | 1 |  1.0
Fighting       | 1 2 3 4 5 6 8 |  8.7
Earth Magic    | 4 5 6 7 10 11 | 11.9
Dodging        | 2 |  2.0
Spellcasting   | 3 4 5 6 7 8 |  8.0
Conjurations   | 2 3 5 6 8 |  8.7
Stealth        | |  2.1

Action                   |  1- 3 |  4- 6 |  7- 9 | 10-12 || total
-------------------------+-------+-------+-------+-------++-------
Melee: Dagger            |   117 |   115 |   135 |    77 ||   444
       Punch             |       |     3 |     3 |     2 ||     8
       Trident           |       |       |       |    39 ||    39
       Rapier            |       |       |       |    12 ||    12
 Cast: Sandblast         |    24 |    40 |    53 |     6 ||   123
       Stone Arrow       |       |     2 |    98 |   121 ||   221
  Use: Scroll            |       |       |    10 |       ||    10
       Potion            |       |       |     5 |       ||     5
 Stab: Sleeping          |     2 |     1 |       |       ||     3
Armor: Robe              |    58 |    63 |    79 |   101 ||   301
Dodge: Dodged            |   102 |   105 |   167 |   113 ||   487
